 Dungeon Crawl Stone Soup version 0.22.0 (webtiles) character file.

422 lukekx100 the Chopper (level 6, -4/37 HPs)
             Began as a Gargoyle Fighter on Aug 10, 2018.
             Killed by divine providence
             ... invoked by an orc priest
              (12 damage)
             ... on level 4 of the Dungeon.
             The game lasted 00:10:13 (3336 turns).

lukekx100 the Chopper (Gargoyle Fighter)            Turns: 3336, Time: 00:10:14

Health: -4/37      AC:  9    Str: 21    XL:     6   Next: 95%
Magic:  6/6        EV:  8    Int:  8    God:
Gold:   259        SH:  9    Dex: 10    Spells: 5/5 levels left

rFire    . . .     SeeInvis .   a - +0 war axe
rCold    . . .     Gourm    .   c - +0 shield
rNeg     + . .     Faith    .   b - +0 scale mail
rPois    ∞         Spirit   .   (no helmet)
rElec    +         Reflect  .   (no cloak)
rCorr    .         Harm     .   w - +1 pair of gloves
MR       .....                  (no boots)
Stlth    +.........             (no amulet)
HPRegen  0.12/turn              (no ring)
MPRegen  0.10/turn              (no ring)

@: corroded
A: negative energy resistance 1, electricity resistance, unbreathing,
petrification resistance, rot immunity, AC +4
a: no special abilities


You were on level 4 of the Dungeon.
You were not hungry.

You visited 1 branch of the dungeon, and saw 4 of its levels.

You collected 259 gold pieces.

Inventory:

Hand Weapons
 a - a +0 war axe (weapon)
 B - a cursed -3 spear
Armour
 b - a +0 scale mail (worn)
 c - a +0 shield (worn)
 r - a +0 pair of gloves
 v - a +0 scale mail
 w - a +1 pair of gloves (worn)
Wands
 p - a wand of flame (19)
 y - a wand of clouds (7)
Scrolls
 g - a scroll of enchant armour {unknown}
 h - 3 scrolls of remove curse {unknown}
 i - 5 scrolls of identify {unknown}
 j - a scroll of noise {unknown}
 k - 3 scrolls of magic mapping {unknown}
 l - 2 scrolls of blinking {unknown}
 n - 2 scrolls of teleportation {unknown}
 q - 3 scrolls of random uselessness {unknown}
 t - a scroll of immolation {unknown}
 C - a scroll of amnesia {unknown}
Potions
 d - 2 potions of might
 e - a potion of flight {unknown}
 m - 2 potions of cancellation {unknown}
 o - a potion of degeneration {unknown}
 s - 3 potions of heal wounds {unknown}
 u - a potion of berserk rage {unknown}
 x - a potion of resistance {unknown}
 z - a potion of magic {unknown}
 A - a potion of invisibility {unknown}
Comestibles
 f - 7 rations


   Skills:
 - Level 3.2 Fighting
 * Level 4.9 Axes
 + Level 4.0 Armour
 + Level 1.1 Dodging
 * Level 3.0 Stealth
 + Level 4.3 Shields


You had 5 spell levels left.
You didn't know any spells.
Your spell library was empty.

Dungeon Overview and Level Annotations

Branches:
Dungeon (4/15)
 Temple: D:4-7

Altars:
Vehumet


Innate Abilities, Weirdness & Mutations

You are resistant to torment.
Your stone body is resilient. (AC +4)
You are immune to poison.
You resist negative energy. (rN+)
You are resistant to electric shocks. (rElec)
You can survive without breathing.
You are immune to petrification.
You are immune to rotting.


Message History

An orc comes into view. It is wielding a hand axe.
The orc shouts!
The orc priest invokes the aid of Beogh against you.
You barely resist.
An orc wizard comes into view. It is wielding a dagger.
The orc wizard shouts!
An orc comes into view. It is wielding a dagger of protection.
The orc shouts!
You hear a shout!
The orc zaps a wand.
The bolt of acid hits you! The acid corrodes you!
You are splashed with acid!
The acid burns!
It is a wand of acid (10).
The orc priest mumbles some strange prayers to Beogh against you.
Pain shoots through your body!
* * * LOW HITPOINT WARNING * * *
The orc wizard gestures wildly while chanting.
The orc wizard flickers and vanishes!
Deactivating autopickup; reactivate with Ctrl-A.
The orc priest casts a cantrip, but nothing happens.
The orc priest invokes the aid of Beogh against you.
Beogh smites you!
You die...

#.....#..#...##........#
#.#..<#..#.####........#####
# #####..#.# #>............
...#.# #.####.......#
##.#.####.####.......#
........#.............
........#.####.......#
........#.# #.......#
.......@..# #.......#
........### #........
.......o######........
......................
.....................
..#####..o...... .
#.......## #...{.o.#
#.......#


You could see an orc priest and an orc.

Vanquished Creatures
  A centaur (D:3)
  Terence (D:2)
  Natasha (thrice) (D:2)
  Robin (D:2)
  3 gnolls (D:3)
  6 adders
  2 river rats (D:3)
  An ooze (D:1)
  A worm (D:2)
  12 dart slugs (D:3)
  2 leopard geckos
  An orc (D:3)
  7 bats
  A giant cockroach (D:3)
  16 goblins
  6 hobgoblins
  10 jackals
  11 kobolds
  2 ball pythons (D:3)
  5 frilled lizards
  12 rats
104 creatures vanquished.

Notes
Turn   | Place    | Note
-------+----------+-------------------------------------------
     0 | D:1      | lukekx100 the Gargoyle Fighter began the quest for the Orb.
     0 | D:1      | Reached XP level 1. HP: 14/14 MP: 1/1
   125 | D:1      | Reached skill level 1 in Stealth
   125 | D:1      | Reached XP level 2. HP: 15/19 MP: 2/2
   426 | D:1      | Reached XP level 3. HP: 23/23 MP: 3/3
   836 | D:2      | Found a radiant altar of Vehumet.
   850 | D:2      | Noticed Terence
   862 | D:2      | Killed Terence
   862 | D:2      | Reached XP level 4. HP: 22/28 MP: 4/4
   864 | D:2      | Noticed Robin
   891 | D:2      | Killed Robin
  1067 | D:2      | Noticed Natasha
  1077 | D:2      | Killed Natasha
  1077 | D:2      | Reached XP level 5. HP: 22/32 MP: 5/5
  1384 | D:2      | Noticed Natasha
  1391 | D:2      | Killed Natasha
  1654 | D:2      | Noticed Natasha
  1675 | D:2      | Killed Natasha
  1920 | D:3      | Reached XP level 6. HP: 36/37 MP: 6/6
  2003 | D:3      | Found a glowing drain.
  2251 | D:3      | Reached skill level 1 in Dodging
  3336 | D:4      | Killed from afar by an orc priest

Skill      XL: |  1  2  3  4  5  6 |
---------------+-------------------+-----
Axes           | 2 3 4 |  4.9
Stealth        | 1 2 3 |  3.0
Shields        | 4 |  4.3
Dodging        | 1 |  1.1
Armour         | 4 |  4.0
Fighting       | |  3.2

Action                   |  1- 3 |  4- 6 || total
-------------------------+-------+-------++-------
Melee: War axe           |    93 |   251 ||   344
  Eat: Ration            |       |     2 ||     2
       Chunk             |       |     2 ||     2
Armor: Scale mail        |    54 |   157 ||   211
Dodge: Dodged            |    30 |   103 ||   133
Block: Shield            |    39 |   158 ||   197
